AoeStats
← Lucas Grijander

Arena

510117140Analyzed
1v1 RM · 2d ago on Sep 29, 2026· 43m 7s· 2 players
Game mode
Random Map
Map size
Tiny (2 player)
Population
200
Speed
Normal
Resources
Standard
Victory
Conquest
Starting age
Dark Age
Ending age
Imperial Age
RankedLock teamsTeams togetherTeam positionsShared explorationLock speedFull tech treeHidden civsTurbo modeCheats
Victory
Defeat
🇨🇳 Tatars · China
843
+17
🇪🇸 Saxons · Spain
859
-17
tmqylxbz19
2:16 Loom
10:24 Feudal Age
11:40 Horse Collar
11:49 Double-Bit Axe
17:58 Castle Age
18:15 Forging
18:49 Fletching
20:52 Heavy Plow
23:58 Bodkin Arrow
28:50 Gold Mining
28:53 Stone Mining
29:44 Wheelbarrow
34:02 Imperial Age
32:33 Iron Casting
32:03 Scale Barding Armor
32:29 Silk Armor
32:37 Scale Mail Armor
32:22 Light Cavalry
34:14 Hand Cart
34:45 Chain Barding Armor
34:30 Town Watch
35:12 Bow Saw
36:42 Plate Barding Armor
36:51 Crop Rotation
37:45 Blast Furnace
37:24 Husbandry
38:29 Timurid Siegecraft
37:51 Heavy Scorpion
38:44 Bracer
39:08 Town Patrol
38:49 Pikeman
39:29 Squires
39:14 Arson
41:07 Gold Shaft Mining
41:04 Herbal Medicine
41:20 Fervor
42:58 Elite Keshik
Lucas Grijander
6:59 Loom
11:27 Feudal Age
13:41 Wheelbarrow
15:59 Castle Age
16:28 Double-Bit Axe
17:34 Bow Saw
22:09 Hand Cart
26:09 Ballistics
28:25 Horse Collar
30:22 Heavy Plow
36:59 Imperial Age
34:16 Town Watch
35:07 Scale Mail Armor
35:18 Forging
35:00 Fletching
35:21 Murder Holes
36:10 Pikeman
36:51 Squires
36:37 Gambesons
37:51 Padded Archer Armor
37:48 Bodkin Arrow
38:09 Chain Mail Armor
38:29 Iron Casting
37:58 Halberdier
38:24 Arson
40:27 Two-Man Saw
40:00 Crop Rotation
39:28 Shield Wall
40:56 Plate Mail Armor
41:31 Elite Varangian Guard
42:41 Bracer
Connection lost

Rejoining the realm…

Still unreachable

The connection could not be restored.

Session expired

The server has moved on; the page needs a fresh start.